 Dungeon Crawl Stone Soup version 0.20.0 (webtiles) character file.

282 BarneyGumball the Cleaver (level 6, -1/78 HPs)
             Began as a Hill Orc Fighter on June 4, 2017.
             Slain by a killer bee (6 damage)
             ... on level 3 of the Dungeon.
             The game lasted 00:12:34 (2896 turns).

BarneyGumball the Cleaver (Hill Orc Fighter)        Turns: 2896, Time: 00:12:35

Health: -1/78      AC:  6    Str: 27    XL:     6   Next: 28%
Magic:  6/6        EV:  7    Int:  8    God:
Gold:   173        SH: 10    Dex: 11    Spells: 5/5 levels left

rFire    . . .     SeeInvis .   r - +0 war axe (curse)
rCold    . . .     Gourm    .   c - +0 shield
rNeg     . . .     Faith    .   b - +0 scale mail
rPois    .         Spirit   .   (no helmet)
rElec    .         Reflect  .   (no cloak)
rCorr    .         Harm     .   (no gloves)
MR       .....     Rnd*Rage +   (no boots)
Stlth    ..........             (no amulet)
Regen    0.3/turn               i - ring of flight (curse)
MPRegen  0.1/turn               (no ring)

@: berserking, lethally poisoned (-1 -> -2), very slightly contaminated, very
quick
A: berserk 1, mutation resistance 1, strong 1, MP-powered wands
a: Evoke Flight


You were on level 3 of the Dungeon.
You were not hungry.

You visited 1 branch of the dungeon, and saw 4 of its levels.

You collected 173 gold pieces.

Inventory:

Hand Weapons
 r - a cursed +0 war axe (weapon)
Armour
 b - a +0 scale mail (worn)
 c - a +0 shield (worn)
Jewellery
 i - a cursed ring of flight (left hand)
Scrolls
 k - a scroll of amnesia {unknown}
 m - a scroll of teleportation {unknown}
 o - a scroll of enchant weapon {unknown}
 p - a scroll of random uselessness {unknown}
 s - a scroll of magic mapping {unknown}
Potions
 g - a potion of lignification {unknown}
 j - a potion of brilliance {unknown}
 l - a potion of ambrosia {unknown}
 q - a potion of mutation
Comestibles
 a - 4 chunks of flesh
 d - 2 meat rations
 f - a bread ration


   Skills:
 + Level 3.7 Fighting
 * Level 8.4 Axes
 - Level 3.2 Armour
 - Level 3.2 Shields


You had 5 spell levels left.
You didn't know any spells.

Dungeon Overview and Level Annotations

Branches:
Dungeon (4/15)
 Temple: D:4-7

Altars:
Cheibriados

Annotations:
D:3 Arglure's ghost, amateur NaCK; Sigmund


Innate Abilities, Weirdness & Mutations

You tend to lose your temper in combat.
You are somewhat resistant to further mutation.
Your muscles are strong. (Str +2)
You expend magic power (3 MP) to strengthen your wands.


Message History

Press: ? - help, Dir - move target cursor You are very lightly contaminated with residual magic.
As you read the scroll labeled SYDEUH KOCA, it crumbles to dust.
It was a scroll of blinking.
You feel sick.
It was a potion of berserk rage.
A red film seems to cover your vision as you go berserk!
You feel yourself moving faster!
You feel mighty!
You are too berserk!
Okay, then.
You are too berserk!
Unknown command.
You feel a strong urge to attack something.
You closely miss the killer bee.
You feel sick. You block the killer bee's attack.
The killer bee stings you but does no damage.
You barely miss the killer bee. The killer bee stings you.
* * * LOW HITPOINT WARNING * * *
The killer bee stings you but does no damage.
You closely miss the killer bee. The killer bee stings you.
You die...

#..##...<....###..##
#..##.#####........####
#..##...###........##..
#........(...####..##.#
##.##..###...####..##.#
#.....# #.........##..
####..###.............
##.....#######.##..
#@###########.###.
#.y...><).....# #.
############### #. #.
#. #. #. ##


You could see a killer bee.

Vanquished Creatures
  A sky beast (D:2)
  An orc wizard (D:2)
  9 adders
  An ooze (D:1)
  3 worms
  2 dart slugs (D:2)
  6 orcs
  7 bats
  5 giant cockroaches
  8 hobgoblins
  A ball python (D:2)
  5 frilled lizards
  2 goblins (D:1)
  A jackal skeleton (D:4)
  2 kobolds
  9 rats
63 creatures vanquished.

Notes
Turn   | Place    | Note
-------+----------+-------------------------------------------
     0 | D:1      | BarneyGumball the Hill Orc Fighter began the quest for the Orb.
     0 | D:1      | Reached XP level 1. HP: 19/19 MP: 1/1
    15 | D:1      | Reached skill level 3 in Axes
    95 | D:1      | Reached XP level 2. HP: 23/26 MP: 2/2
   219 | D:1      | Reached skill level 4 in Axes
   566 | D:2      | Reached XP level 3. HP: 14/31 MP: 3/3
   863 | D:1      | Reached skill level 5 in Axes
   996 | D:2      | Found a snail-covered altar of Cheibriados.
  1022 | D:2      | Reached XP level 4. HP: 37/39 MP: 4/4
  1506 | D:2      | Reached skill level 6 in Axes
  1790 | D:3      | Noticed Sigmund
  1993 | D:3      | Reached XP level 5. HP: 45/45 MP: 5/5
  2020 | D:2      | Reached skill level 7 in Axes
  2204 | D:4      | Noticed an ogre
  2340 | D:3      | Noticed a sky beast
  2349 | D:3      | Noticed Arglure's ghost (amateur NaCK)
  2385 | D:2      | Killed a sky beast
  2385 | D:2      | Reached skill level 8 in Axes
  2385 | D:2      | Reached XP level 6. HP: 31/51 MP: 6/6
  2889 | D:3      | Gained mutation: You expend magic power (3 MP) to strengthen your wands. [potion of mutation]
  2889 | D:3      | Gained mutation: Your muscles are strong. (Str +2) [potion of mutation]
  2889 | D:3      | Gained mutation: You tend to lose your temper in combat. [potion of mutation]
  2889 | D:3      | Gained mutation: You are somewhat resistant to further mutation. [potion of mutation]
  2896 | D:3      | Slain by a killer bee

Skill      XL: |  1  2  3  4  5 |
---------------+----------------+-----
Axes           | 3 4 5 6 8 |  8.4
Fighting       | |  3.7
Armour         | |  3.2
Shields        | |  3.2

Action                   |  1- 3 |  4- 6 || total
-------------------------+-------+-------++-------
Melee: War axe           |    87 |   156 ||   243
  Use: Potion            |     1 |     3 ||     4
       Scroll            |       |     1 ||     1
  Eat: Chunk             |       |     7 ||     7
Armor: Scale mail        |    54 |    62 ||   116
Dodge: Dodged            |    28 |    47 ||    75
Block: Shield            |    49 |    76 ||   125
